 Dungeon Sprint DCSS version 0.19.0-17-g07987d3 (webtiles) character file.

18 LORDOFBUTT the Sneak (level 2, -5/13 HPs)
             Began as a Spriggan Enchanter on Nov 10, 2016.
             Was a Believer of Dithmenos.
             Killed from afar by Blork the orc (8 damage)
             ... with a puff of frost
             ... in the Dungeon (Sprint VII: "The Pits").
             The game lasted 00:00:52 (251 turns).

LORDOFBUTT the Sneak (Spriggan Enchanter)            Turns: 251, Time: 00:00:54

Health: -5/13      AC:  3    Str:  4    XL:     2   Next: 48%
Magic:  8/8        EV: 18    Int: 16    God:    Dithmenos [**....]
Gold:   0          SH:  0    Dex: 16    Spells: 2 memorised, 6 levels left

rFire  . . .     SeeInvis +     k - +2 dagger
rCold  . . .     Gourm    .     b - +1 robe
rNeg   . . .     Faith    .     (shield restricted)
rPois  .         Spirit   .     (helmet restricted)
rElec  .         Reflect  .     (no cloak)
rCorr  .         Harm     .     (gloves unavailable)
MR     .....     NoTele   +     (boots unavailable)
Stlth  ++++......               (no amulet)
                                (no ring)
                                (no ring)

@: wreathed by umbra, very quick
A: unfitting armour, see invisible, herbivore 3, speed 3, slow metabolism 2
a: Shadow Step, Renounce Religion


You were in the Dungeon.
You worshipped Dithmenos.
Dithmenos was pleased with you.
You were not hungry.

You visited 1 branch

Inventory:

Hand Weapons
 a - a +1 dagger
 k - a +2 dagger (weapon)
Armour
 b - a +1 robe (worn)
Scrolls
 j - a scroll of blinking
 m - 3 scrolls of remove curse
 n - 5 scrolls of amnesia
 o - a scroll of summoning
Potions
 e - a potion of curing
 f - a potion of heal wounds
 g - a potion of haste
 h - 4 potions of magic
 i - 3 potions of berserk rage
 l - 2 potions of invisibility
Books
 c - a book of Maledictions

   Spells                             Type                      Level
   a - Corona                         Hexes                        1
   b - Ensorcelled Hibernation        Hexes/Ice                    2
   c - Confuse                        Hexes                        3
   d - Tukima's Dance                 Hexes                        3
   e - Dazzling Spray                 Conjuration/Hexes            3
Comestibles
 d - 8 bread rations
 p - 40 fruits


   Skills:
 - Level 1.1 Short Blades
 - Level 3.0 Dodging
 * Level 7.2 Stealth
 + Level 4.0 Spellcasting
 + Level 4.7 Hexes


You had 6 spell levels left.
You knew the following spells:

 Your Spells              Type           Power        Failure   Level  Hunger
a - Corona                Hex            ###....      2%          1    None
b - Ensorcelled Hibernat  Hex/Ice        ##....       12%         2    ##.....


Dungeon Overview and Level Annotations

Branches:
Dungeon (1/1)

Altars:
Ashenzari
Cheibriados
Dithmenos
Elyvilon
Fedhas
Gozag
Hepliaklqana
Kikubaaqudgha
Makhleb
Nemelex Xobeh
Okawaru
Qazlal
Ru
Sif Muna
Trog
Uskayaw
Vehumet
Xom
Yredelemnul
Zin
The Shining One
Beogh
Jiyva
Lugonu

Annotations:
D Blork the orc


Innate Abilities, Weirdness & Mutations

You are very small and have problems with some larger weapons.
You are too small for most types of armour.
You have supernaturally acute eyesight. (SInv)
You are a herbivore.
You cover ground extremely quickly.
You need consume almost no food.


Message History

You can now step into the shadows of nearby creatures.
Memorise Ensorcelled Hibernation, consuming 2 spell levels and leaving 6?
You start memorising the spell.
You continue memorising. x2
You finish memorising.
Spell assigned to 'b'.
The helpless Blork the orc fails to defend himself.
You impale Blork the orc!!
Blork the orc is almost dead.
Blork the orc closely misses you.
The gnoll shouts!
You barely miss Blork the orc.
Blork the orc is almost dead.
The gnoll misses you. Blork the orc hits you with a flail.
You barely miss Blork the orc.
Blork the orc is almost dead.
The gnoll hits you.
* * * LOW HITPOINT WARNING * * *
Blork the orc casts a spell at you. The puff of frost hits you!
Ouch! That really hurt!
You die...

#.........).'...........
#+#####'#####......#..#.
#..)..# #...........
#.....# ####'#####++
###'### #.......#
#..)..# #.......#
#.....# #.......#
####'##+###...<...#
#†.....@o##.......#
#†......g##.......#
###########.......#
#########


You could see Blork the orc and a gnoll.

Vanquished Creatures
  An adder (D)
  A leopard gecko (D)
  An orc (D)
  A bat (D)
  A goblin (D)
  A hobgoblin (D)
  A ball python (D)
7 creatures vanquished.

Notes
Turn   | Place    | Note
-------+----------+-------------------------------------------
     0 | D        | LORDOFBUTT the Spriggan Enchanter began the quest for the Orb.
     0 | D        | Reached XP level 1. HP: 9/9 MP: 5/5
    12 | D        | Reached skill level 5 in Stealth
    46 | D        | Found a radiant altar of Vehumet.
    46 | D        | Found a hide-covered altar of Uskayaw.
    46 | D        | Found an ancient bone altar of Kikubaaqudgha.
    46 | D        | Found a viscous altar of Jiyva.
    46 | D        | Found a hazy altar of Hepliaklqana.
    47 | D        | Found a bloodstained altar of Trog.
    47 | D        | Found a deep blue altar of Sif Muna.
    47 | D        | Found a sacrificial altar of Ru.
    47 | D        | Found a stormy altar of Qazlal.
    47 | D        | Found an iron altar of Okawaru.
    47 | D        | Found a sparkling altar of Nemelex Xobeh.
    47 | D        | Found an opulent altar of Gozag.
    47 | D        | Found a blossoming altar of Fedhas.
    47 | D        | Found a white marble altar of Elyvilon.
    47 | D        | Found a shadowy altar of Dithmenos.
    47 | D        | Found a snail-covered altar of Cheibriados.
    48 | D        | Found a glowing golden altar of the Shining One.
    48 | D        | Found a glowing silver altar of Zin.
    49 | D        | Found a roughly hewn altar of Beogh.
    49 | D        | Found a burning altar of Makhleb.
    49 | D        | Found a basalt altar of Yredelemnul.
    50 | D        | Found a shattered altar of Ashenzari.
    50 | D        | Found a corrupted altar of Lugonu.
    50 | D        | Found a shimmering altar of Xom.
    57 | D        | Became a worshipper of Dithmenos the Shadowed
   101 | D        | Reached * piety under Dithmenos
   104 | D        | Reached skill level 6 in Stealth
   236 | D        | Noticed Blork the orc
   239 | D        | Reached skill level 7 in Stealth
   239 | D        | Reached XP level 2. HP: 13/13 MP: 8/8
   240 | D        | Reached ** piety under Dithmenos
   244 | D        | Learned a level 2 spell: Ensorcelled Hibernation
   251 | D        | Killed from afar by Blork the orc

Skill      XL: |  1 |
---------------+----+-----
Stealth        | 7 |  7.2
Spellcasting   | 4 |  4.0
Hexes          | 4 |  4.7
Short Blades   | |  1.1
Dodging        | |  3.0

Action                   || total
-------------------------++-------
Melee: Dagger            ||    19
 Stab: Sleeping          ||     6
Armor: Robe              ||     9
Dodge: Dodged            ||    22
